[Event "Team 45 45 League T59"]
[Site "Internet Chess Club"]
[Date "2013.11.28"]
[Round "2"]
[White "g8wrb"]
[Black "GideonL"]
[Result "1-0"]
[WhiteElo "1465"]
[BlackElo "1460"]
[Opening "Robatsch (modern) defense"]
[ECO "B06"]
[Time "13:00:08"]
[TimeControl "2700+45"]

1. e4 g6 2. d4 d5 3. Nc3 dxe4 4. Nxe4 Bg7 5. Nf3 Bf5 6. Ng3 Bg4 7. c3 Nf6 8. Bd3
O-O 9. h3 Bxf3 10. Qxf3 c6 11. O-O Nbd7 12. Re1 Re8 13. Bf4 Nd5 14. Bg5 N7f6 15.
Rad1 Qc7 16. Re2 e5 17. Rde1 exd4 18. cxd4 Rxe2 19. Rxe2 Nb4 20. Bc4 Nbd5 21.
Ne4 Nxe4 22. Rxe4 f5 23. Bxd5+ cxd5 24. Re7 Qc6 25. Qc3 Bf6 26. Qxc6 {Black
resigns} 1-0

[Event "Team 45 45 League T59"]
[Site "Internet Chess Club"]
[Date "2013.12.01"]
[Round "2"]
[White "fuzzface"]
[Black "JohLeb"]
[Result "1-0"]
[WhiteElo "1351"]
[BlackElo "1383"]
[Opening "Torre attack (Tartakower variation)"]
[ECO "D03"]
[Time "11:00:22"]
[TimeControl "2700+45"]

1. d4 d5 2. Nf3 Nf6 3. Bg5 c6 4. Nc3 Bg4 5. Ne5 Bh5 6. Qd2 Nbd7 7. Nxd7 Qxd7 8.
Bxf6 exf6 9. e3 Bg6 10. Bd3 Bd6 11. Bxg6 fxg6 12. a3 O-O 13. O-O Rae8 14. b4 Qc7
15. g3 b5 16. Qd3 f5 17. f4 Re6 18. Rf3 Rfe8 19. Re1 Be7 20. Nxd5 cxd5 21. Qxb5
Qd8 22. c4 Bf6 23. cxd5 Re4 24. Rff1 Bxd4 25. Kg2 Rxe3 26. Rxe3 Rxe3 27. Qc4 Bb6
28. d6+ Kh8 29. Rd1 Qa8+ 30. Kh3 h6 31. d7 Kh7 32. Qc8 Re8 33. dxe8=Q {Black
resigns} 1-0

[Event "Team 45 45 League T59"]
[Site "Internet Chess Club"]
[Date "2013.11.30"]
[Round "2"]
[White "guyd52"]
[Black "Toalla"]
[Result "1/2-1/2"]
[WhiteElo "1319"]
[BlackElo "1300"]
[Opening "Réti opening"]
[ECO "A04"]
[Time "19:07:07"]
[TimeControl "2700+45"]

1. Nf3 g6 2. g3 c6 3. d3 Bg7 4. Bg2 d5 5. O-O e5 6. Nbd2 Nf6 7. Re1 Nbd7 8. c3
O-O 9. e4 Re8 10. d4 dxe4 11. Nxe4 exd4 12. Nxd4 Nxe4 13. Rxe4 Rxe4 14. Bxe4 Nc5
15. Bf3 Bxd4 16. cxd4 Ne6 17. Bh6 Qxd4 18. Qb3 Nc5 19. Rd1 Nxb3 20. axb3 Qxd1+
21. Bxd1 Bh3 22. Be3 Rd8 23. Be2 Kg7 24. f3 Be6 25. b4 b5 26. Kf2 Bc4 27. h4
Bxe2 28. Kxe2 a6 29. Bd2 f5 30. g4 fxg4 31. fxg4 Kf7 32. Bc3 Ke6 33. Ke3 h5 34.
gxh5 gxh5 35. Kf4 Rd1 36. Kg5 Rg1+ 37. Kxh5 Kf5 38. Bd2 Rg2 39. Bc3 Rg4 40. Bd2
Rg2 41. Bc3 Rg4 {Game drawn by mutual agreement} 1/2-1/2

[Event "Team 45 45 League T59"]
[Site "Internet Chess Club"]
[Date "2013.11.28"]
[Round "2"]
[White "pereelcoix"]
[Black "parrot9"]
[Result "1-0"]
[WhiteElo "1686"]
[BlackElo "1601"]
[Opening "English: Caro-Kann defensive system"]
[ECO "A12"]
[Time "16:01:02"]
[TimeControl "2700+45"]

1. Nf3 d5 2. c4 c6 3. b3 Nf6 4. g3 Nbd7 5. Bg2 e5 6. O-O e4 7. Ne1 Bc5 8. Nc3
O-O 9. d3 Re8 10. Bb2 e3 11. d4 exf2+ 12. Rxf2 Bb6 13. cxd5 cxd5 14. Nxd5 Nxd5
15. Bxd5 Nf6 16. Bc4 Re4 17. Nc2 h5 18. Qd3 Qe7 19. Ba3 Qe8 20. Raf1 Rg4 21. h3
Re4 22. e3 Bxh3 23. Rxf6 Bxf1 24. Rxf1 Rg4 25. Bxf7+ Qxf7 26. Rxf7 Kxf7 {Black
resigns} 1-0

[Event "Team 45 45 League T59"]
[Site "Internet Chess Club"]
[Date "2013.11.27"]
[Round "2"]
[White "BrerRabbit"]
[Black "drsigmund1"]
[Result "0-1"]
[WhiteElo "1538"]
[BlackElo "1640"]
[Opening "Queen's pawn"]
[ECO "A40"]
[Time "19:00:37"]
[TimeControl "2700+45"]

1. d4 e6 2. Nf3 b6 3. e3 Bb7 4. Bd3 f5 5. O-O Nf6 6. Nbd2 Be7 7. c3 O-O 8. Re1
c5 9. e4 fxe4 10. Nxe4 cxd4 11. Nxd4 Nc6 12. Nf3 Nd5 13. Bg5 Rxf3 14. Bxe7 Rxd3
15. Qxd3 Qxe7 16. Rad1 Rd8 17. Qd2 Ne5 18. Qd4 Nf7 19. a3 Nf6 20. Nd6 Nxd6 21.
Qxd6 Qxd6 22. Rxd6 Kf7 23. c4 Ke7 24. Rd4 d5 25. cxd5 Bxd5 26. Rc1 Kd6 27. Rd2
Ne4 28. Rdc2 Nc5 29. Re2 Rf8 30. Re3 Ne4 31. f3 Nd2 32. Rec3 Nb3 33. R1c2 Nd4
34. Rd2 Nb5 35. Rc1 Kd7 36. Rdc2 Nd4 37. Rf2 Nb3 38. Rc3 Rf4 39. h3 Rd4 40. Rfc2
Rd1+ 41. Kh2 Nd4 42. Rf2 Nb5 43. Rcc2 Nd6 44. Rc3 Nc4 45. Rcc2 Ne3 46. Rc3 Re1
47. h4 h6 48. Rd3 Nc4 49. Rd4 Rb1 50. Rg4 g5 51. hxg5 hxg5 52. Rxg5 Nxb2 53.
Rg7+ Kd6 54. Rxa7 Nd3 55. Rc2 Nc5 56. Rc3 Re1 57. g4 Ke5 58. Rf7 Kd4 59. Rc2 Re3
60. Rg2 Bxf3 61. Rxf3 Rxf3 62. g5 Rf8 63. g6 Rg8 64. Rg5 e5 65. Kh3 e4 66. Kh4
e3 67. Rg4+ Kd3 68. Kg5 e2 69. Rg1 Kd2 70. Kf6 e1=Q 71. Rxe1 Kxe1 72. Kf7 Rxg6
73. Kxg6 Kd2 74. Kf5 Kc3 75. Ke5 Kb3 76. Kd4 Kxa3 77. Kc4 Ka4 78. Kc3 b5 79. Kb2
b4 80. Ka2 Nd3 81. Ka1 Ka3 82. Kb1 b3 83. Ka1 Nb4 84. Kb1 Nc2 85. Kc1 Ka2 {White
resigns} 0-1

[Event "Team 45 45 League T59"]
[Site "Internet Chess Club"]
[Date "2013.12.01"]
[Round "2"]
[White "Leon13"]
[Black "otib2006"]
[Result "1-0"]
[WhiteElo "1383"]
[BlackElo "1292"]
[Opening "Sicilian: closed"]
[ECO "B23"]
[Time "11:02:50"]
[TimeControl "2700+45"]

1. e4 c5 2. Nc3 e6 3. f4 Nf6 4. e5 Nd5 5. Nxd5 exd5 6. Nf3 Be7 7. Bb5 a6 8. Be2
Nc6 9. d4 cxd4 10. Nxd4 Nxd4 11. Qxd4 Qa5+ 12. Bd2 Qc5 13. Qd3 b5 14. a3 Bb7 15.
Bb4 Qc4 16. Qd2 Qe4 17. Bxe7 Kxe7 18. O-O d4 19. Bf3 Qe3+ 20. Qxe3 dxe3 21. Bxb7
Rab8 22. Bd5 Rbc8 23. c3 Rc5 24. Bb3 f6 25. exf6+ Kxf6 26. Rae1 Re8 27. Rf3 e2
28. Rf2 Kf5 29. g3 g5 30. Rfxe2 Rxe2 31. Rxe2 gxf4 32. Rf2 f3 33. Rxf3+ Kg4 34.
Kg2 Re5 35. Bd1 Kg5 36. Bc2 h6 37. h4+ Kg4 38. Bd1 Rf5 39. Rf2+ Rf3 40. Bxf3+
Kf5 41. Kh3 Ke5 42. Bg4 d5 43. Bc8 d4 44. cxd4+ Kxd4 45. Bxa6 Kc4 46. g4 Kc5 47.
g5 hxg5 48. hxg5 Kb6 49. Bc8 {Black resigns} 1-0

[Event "Team 45 45 League T59"]
[Site "Internet Chess Club"]
[Date "2013.12.02"]
[Round "2"]
[White "GideonL"]
[Black "bardu"]
[Result "1-0"]
[WhiteElo "1466"]
[BlackElo "1183"]
[Opening "Giuoco Piano"]
[ECO "C50"]
[Time "11:00:14"]
[TimeControl "2700+45"]

1. e4 e5 2. Nf3 Nc6 3. Bc4 Bc5 4. O-O Nf6 5. Nc3 d6 6. d3 O-O 7. h3 Qe7 8. Bg5
Be6 9. Bd5 Bxd5 10. Nxd5 Qd8 11. Nxf6+ gxf6 12. Bh6 Re8 13. Nh4 Ne7 14. Qg4+ Ng6
15. Nf5 d5 16. h4 dxe4 17. dxe4 Kh8 18. h5 Rg8 19. hxg6 Rxg6 20. Qh5 Qg8 21.
Bg7+ Rxg7 22. Nxg7 Qxg7 23. Kh2 Rg8 24. g3 Bxf2 25. g4 Be3 26. Kh3 f5 27. Rxf5
f6 28. Raf1 Bf4 29. Qh4 Bg5 30. Qh5 Bf4 31. Rh1 Bg5 32. Kg2 h6 33. Rf2 Rd8 34.
Kf3 f5 35. gxf5 Bf4 36. Qg6 Qd7 37. Rxh6+ Bxh6 38. Qxh6+ Qh7 39. Qf6+ {Black
resigns} 1-0

[Event "Team 45 45 League T59"]
[Site "Internet Chess Club"]
[Date "2013.11.28"]
[Round "2"]
[White "rhayder"]
[Black "akshayk06"]
[Result "0-1"]
[WhiteElo "1238"]
[BlackElo "1477"]
[Opening "Ruy Lopez: closed, Averbach variation"]
[ECO "C79"]
[Time "12:18:45"]
[TimeControl "2700+45"]

1. e4 e5 2. Nf3 Nc6 3. Bb5 a6 4. Ba4 Nf6 5. O-O d6 6. Re1 Be7 7. c3 O-O 8. Bxc6
bxc6 9. h3 Be6 10. d4 exd4 11. cxd4 d5 12. e5 Ne4 13. Nc3 Bf5 14. Nxe4 Bxe4 15.
Nd2 Bg6 16. Nb3 f5 17. Bd2 Rb8 18. Rc1 Qd7 19. Qc2 Rb6 20. Ba5 f4 21. Qc3 Rxb3
22. Qxb3 f3 23. gxf3 Qxh3 24. Rxc6 Rxf3 25. Qb8+ Bf8 26. Re3 Rxe3 27. fxe3 Qg3+
28. Kf1 Bd3# {White checkmated} 0-1

[Event "Team 45 45 League T59"]
[Site "Internet Chess Club"]
[Date "2013.12.01"]
[Round "2"]
[White "stantheman59"]
[Black "arconia"]
[Result "0-1"]
[WhiteElo "1165"]
[BlackElo "1243"]
[Opening "Sicilian defense"]
[ECO "B30"]
[Time "18:01:52"]
[TimeControl "2700+45"]

1. e4 c5 2. Nf3 Nc6 3. Bc4 e6 4. Nc3 a6 5. d4 cxd4 6. Nxd4 Bc5 7. Nf3 e5 8. Bg5
Nf6 9. O-O b5 10. Bb3 Bb7 11. Bd5 Qb6 12. Bxf6 gxf6 13. a3 Rg8 14. b4 Be7 15.
Nh4 Nd8 16. Nf5 Bf8 17. Qh5 Ne6 18. Qxh7 Rxg2+ 19. Kxg2 O-O-O 20. Bxb7+ Qxb7 21.
Qxf7 Ng5 22. Qxf8 Nxe4 23. Qxd8+ Kxd8 24. Nxe4 Qxe4+ 25. f3 Qxf5 26. c3 Qc2+ 27.
Kg3 Qxc3 28. Rfc1 Qe3 29. h4 Qf4+ 30. Kg2 f5 31. Rc2 Qxh4 32. Rac1 Qg5+ 33. Kf2
Qh4+ 34. Ke2 Ke7 35. Rc7 Qh2+ 36. Kd3 Qf4 37. R7c5 Qxf3+ 38. Kc2 Qe4+ 39. Kb2 f4
40. a4 Qxb4+ 41. Ka1 Qxa4+ 42. Kb1 Ke6 43. Rc8 Qb3+ 44. Ka1 Qa3+ 45. Kb1 Qd3+
46. R8c2 f3 47. Kb2 Qd4+ 48. Ka2 f2 49. Rf1 e4 50. Rfxf2 Qa4+ 51. Kb2 b4 52. Kb1
Qb3+ 53. Kc1 Qa3+ 54. Kd1 b3 55. Rc3 Qa1+ 56. Kd2 Qb2+ 57. Ke3 Qxc3+ 58. Kxe4
Qe5+ 59. Kd3 b2 60. Kc2 Qc5+ 61. Kb1 Qxf2 {White resigns} 0-1

[Event "Team 45 45 League T59"]
[Site "Internet Chess Club"]
[Date "2013.12.02"]
[Round "2"]
[White "oldbookseller"]
[Black "WzeroMN"]
[Result "0-1"]
[WhiteElo "1022"]
[BlackElo "1140"]
[Opening "Queen's pawn game"]
[ECO "A45"]
[Time "12:37:57"]
[TimeControl "2700+45"]

1. d4 Nf6 2. e3 e6 3. Bd3 d5 4. Nf3 Be7 5. Nbd2 O-O 6. O-O c5 7. b3 cxd4 8. exd4
Nc6 9. c3 a5 10. Bb2 b6 11. Ne5 Nxe5 12. dxe5 Nd7 13. Nf3 f6 14. Bc2 Nxe5 15. c4
Nxf3+ 16. Qxf3 Bb7 17. Qh3 f5 18. Bxg7 Kxg7 19. Qc3+ Bf6 20. Qg3+ Kh8 21. Rae1
Qb8 22. Qh3 e5 23. Bxf5 Rf7 24. Qh5 Qg8 25. Re3 Rg7 26. g3 Rg5 27. Qh3 Rg7 28.
Rd1 dxc4 29. Rd6 Rd8 30. Rxf6 Rd1+ 31. Re1 Rxe1+ 32. Qf1 Rxf1+ 33. Kxf1 c3 34.
Rxb6 Bf3 35. Ra6 Qd5 36. Rf6 Qd1# {White checkmated} 0-1

[Event "Team 45 45 League T59"]
[Site "Internet Chess Club"]
[Date "2013.11.29"]
[Round "2"]
[White "tornado100"]
[Black "Aquaman"]
[Result "0-1"]
[WhiteElo "1386"]
[BlackElo "1382"]
[Opening "Caro-Kann defense"]
[ECO "B12"]
[Time "15:00:57"]
[TimeControl "2700+45"]

1. e4 c6 2. d4 d6 3. Nc3 Qc7 4. Nf3 Bg4 5. h3 Bh5 6. Bc4 Nd7 7. Be3 Ngf6 8. Kf1
e5 9. dxe5 dxe5 10. Qe2 Nc5 11. Bxc5 Bxc5 12. g4 Bg6 13. Kg2 h6 14. Rad1 Bd6 15.
Qd3 O-O-O 16. Qe3 Kb8 17. Nh4 Bh7 18. Nf5 Bxf5 19. exf5 Nh7 20. Ne4 f6 21. Rd2
Ng5 22. Rhd1 Nxe4 23. Qxe4 Be7 24. Bd5 cxd5 25. Rxd5 Rxd5 26. Rxd5 Rd8 27. Rxd8+
Qxd8 28. a4 Qd4 29. Qxd4 exd4 30. Kf3 Bd6 31. Ke4 Kc7 32. b3 Kc6 33. Kxd4 Bc5+
34. Kc4 Bxf2 35. b4 a6 36. c3 b5+ 37. axb5+ axb5+ 38. Kd3 Kd5 39. Ke2 Bb6 40.
Kd3 Bf2 41. Ke2 Bg1 42. Kd3 Bh2 43. h4 Bc7 44. h5 Ke5 45. Ke3 Bb6+ 46. Kf3 Kd5
47. Kg2 Kc4 48. Kf3 Kxc3 49. Ke4 Kxb4 50. Kd5 Bc5 51. Ke6 Kc4 52. Kf7 b4 53.
Kxg7 b3 54. Kxf6 Be3 55. Kg6 b2 56. f6 b1=Q+ 57. Kg7 Qb7+ 58. f7 Bd4+ 59. Kg8
Qd5 60. Kf8 Qd8# {White checkmated} 0-1

[Event "Team 45 45 League T59"]
[Site "Internet Chess Club"]
[Date "2013.11.30"]
[Round "2"]
[White "semperfi"]
[Black "MasterD"]
[Result "1-0"]
[WhiteElo "1372"]
[BlackElo "1197"]
[Opening "Queen's pawn game"]
[ECO "D00"]
[Time "18:00:23"]
[TimeControl "2700+45"]

1. d4 d5 2. e3 e6 3. Bd3 c6 4. Nf3 Nd7 5. O-O Ngf6 6. c3 Bd6 7. Nbd2 O-O 8. e4
dxe4 9. Nxe4 Nxe4 10. Bxe4 Nf6 11. Bg5 Qe7 12. Qd3 e5 13. Bxh7+ Kh8 14. Bxf6
Qxf6 15. Be4 Bg4 16. h3 Bxf3 17. Qxf3 Qxf3 18. Bxf3 exd4 19. cxd4 Rad8 20. Rad1
Be7 21. d5 c5 22. Rfe1 Bf6 23. b3 Bd4 24. Re7 Rb8 25. d6 b6 26. Rxa7 Rbd8 27. d7
f5 28. Bd5 Rf6 29. Re1 Kh7 30. Re8 Rxe8 31. dxe8=Q {Black resigns} 1-0

[Event "Team 45 45 League T59"]
[Site "Internet Chess Club"]
[Date "2013.11.27"]
[Round "2"]
[White "ILoveChess108"]
[Black "Fogbound"]
[Result "0-1"]
[WhiteElo "1131"]
[BlackElo "1377"]
[Opening "Caro-Kann: classical variation"]
[ECO "B18"]
[Time "15:00:41"]
[TimeControl "2700+45"]

1. e4 c6 2. d4 d5 3. Nc3 dxe4 4. Nxe4 Bf5 5. Nc3 Nf6 6. Nf3 e6 7. Bf4 Be7 8. Bc4
Nbd7 9. O-O O-O 10. Nh4 Bg4 11. Nf3 b5 12. Be2 Nb6 13. Be3 b4 14. Nb1 Nbd5 15.
Ne5 Bxe2 16. Qxe2 Qc8 17. c3 Ne4 18. Qd3 f5 19. c4 Ndf6 20. Nd2 Qc7 21. Nxe4
fxe4 22. Qe2 Rab8 23. c5 Nd5 24. Nc4 Nf4 25. Qg4 h5 26. Qg3 Ne2+ 27. Kh1 Nxg3+
28. hxg3 {White resigns} 0-1

[Event "Team 45 45 League T59"]
[Site "Internet Chess Club"]
[Date "2013.12.01"]
[Round "2"]
[White "artspir"]
[Black "RockingCHESS"]
[Result "0-1"]
[WhiteElo "1236"]
[BlackElo "1087"]
[Opening "Queen's bishop game"]
[ECO "D02"]
[Time "10:00:40"]
[TimeControl "2700+45"]

1. d4 d5 2. Nf3 Nf6 3. Bf4 e6 4. Nbd2 Be7 5. h3 O-O 6. e3 c5 7. c3 Nc6 8. Bb5
Bd7 9. O-O Qb6 10. a4 a6 11. Ne5 axb5 12. axb5 Rxa1 13. Qxa1 Qxb5 14. g4 Nxe5
15. dxe5 Ne8 16. Rb1 f6 17. exf6 Nxf6 18. f3 Qe2 19. Rd1 d4 20. cxd4 cxd4 21.
exd4 h5 22. g5 Nd5 23. Be5 Ne3 {White resigns} 0-1

[Event "Team 45 45 League T59"]
[Site "Internet Chess Club"]
[Date "2013.11.30"]
[Round "2"]
[White "SeniorCitizen"]
[Black "guyd52"]
[Result "1-0"]
[WhiteElo "1259"]
[BlackElo "1320"]
[Opening "Pirc: classical system, 5.Be2"]
[ECO "B08"]
[Time "06:29:32"]
[TimeControl "2700+45"]

1. e4 d6 2. Nf3 Nf6 3. Nc3 g6 4. d4 Bg7 5. Be2 O-O 6. O-O Nbd7 7. e5 dxe5 8.
dxe5 Ng4 9. e6 Nde5 10. exf7+ Nxf7 11. Bf4 e5 12. Bg3 Re8 13. Bc4 Qf6 14. Ne4
Qc6 15. Qd5 Qxd5 16. Bxd5 Rd8 17. Rad1 Bf5 18. h3 Bxe4 19. Bxe4 Nd6 20. Bd5+ Kf8
21. hxg4 e4 22. Ng5 Rd7 23. Ne6+ Ke8 24. Nxg7+ Rxg7 25. Bxd6 cxd6 26. Bxe4 Re7
27. Rfe1 Rd8 28. Bxb7 Rb8 29. Bc6+ Kf8 30. Rxe7 Kxe7 31. b3 Rb6 32. Bd5 Rb4 33.
f3 Rb8 34. Re1+ Kf6 35. Re6+ Kf7 36. Rxd6+ Ke7 37. Re6+ Kd7 38. c4 a5 39. Re3
Kd6 40. Kf2 Kc5 41. a3 Rc8 42. Kg3 Rc7 43. Kf4 Ra7 44. Rd3 Re7 45. Re3 Ra7 46.
Rd3 Re7 47. Be4 h6 48. Rd5+ Kb6 49. Rd6+ Kc5 50. Rxg6 Rf7+ 51. Kg3 Rd7 52. Rc6+
Kd4 53. Ra6 Kc3 54. Rxa5 Kxb3 55. Bd5 Re7 56. Ra6 Re2 57. Rxh6 Kxa3 58. Re6 Rd2
59. Re3+ Kb4 60. g5 Ra2 61. Re4 Kc5 62. Rg4 Ra7 63. g6 Rg7 64. f4 Kd6 65. Rg5
Ke7 66. Kg4 Kf6 67. f5 Ke5 68. Bf7 Kf6 69. Rh5 Ke7 70. Rh7 Kf8 71. Rxg7 Kxg7 72.
c5 Kf6 73. Kf4 Kg7 74. Kg5 Kf8 75. g4 Kg7 76. f6+ Kf8 77. g7+ Kxf7 78. c6 Kg8
79. Kf5 Kf7 80. Ke5 Kg8 81. Ke6 Kh7 82. Kf7 Kh6 83. Kf8 Kg6 84. f7 Kg5 85. g8=R+
Kf6 86. c7 Ke5 87. c8=R Kd4 88. Ke7 Ke5 89. f8=N Kf4 90. Ne6+ Ke5 91. Nd4 Kxd4
92. Rc4+ Kxc4 93. g5 Kd5 94. g6 Ke5 95. Rf8 Kd5 96. g7 Kd4 97. Rf4+ Ke5 98. g8=R
Kxf4 99. Rg6 Kf5 100. Kf7 Ke5 101. Ra6 Kd5 102. Ke7 Ke5 103. Ra5+ Kd4 104. Kd6
Ke4 105. Rb5 Kf4 106. Ke6 Ke3 107. Rb4 Kf3 108. Ke5 Ke3 109. Rb3+ Kd2 110. Ke4
Kc2 111. Rh3 Kb2 112. Kd4 Kc2 113. Rg3 Kb2 114. Kc4 Kc2 115. Rg2+ Kd1 116. Kd3
Ke1 117. Ra2 Kf1 118. Ke3 Kg1 119. Kf3 Kh1 120. Kg3 Kg1 121. Ra1# {Black
checkmated} 1-0

[Event "Team 45 45 League T59"]
[Site "Internet Chess Club"]
[Date "2013.11.29"]
[Round "2"]
[White "Toalla"]
[Black "medsurg"]
[Result "1-0"]
[WhiteElo "1299"]
[BlackElo "1279"]
[Opening "French defense"]
[ECO "C01"]
[Time "19:00:43"]
[TimeControl "2700+45"]

1. d4 e6 2. e4 b6 3. Nf3 Bb7 4. Bd3 Nf6 5. Nbd2 d6 6. O-O Be7 7. Re1 O-O 8. c4
c5 9. d5 exd5 10. exd5 Re8 11. b3 Bc8 12. Bb2 Bg4 13. Qc2 h6 14. h3 Bxf3 15.
Nxf3 Nbd7 16. Re3 Bf8 17. Rae1 Rxe3 18. Rxe3 Be7 19. Qe2 Bf8 20. Nd2 Qc7 21. Ne4
Nxe4 22. Rxe4 Ne5 23. Bxe5 {Black resigns} 1-0

[Event "Team 45 45 League T59"]
[Site "Internet Chess Club"]
[Date "2013.12.02"]
[Round "2"]
[White "Fulmar"]
[Black "wekabird"]
[Result "1-0"]
[WhiteElo "1145"]
[BlackElo "1070"]
[Opening "Caro-Kann: classical variation"]
[ECO "B18"]
[Time "18:00:27"]
[TimeControl "2700+45"]

1. e4 c6 2. d4 d5 3. Nc3 dxe4 4. Nxe4 Bf5 5. f3 Bxe4 6. fxe4 e5 7. Nf3 exd4 8.
Qxd4 Qxd4 9. Nxd4 Bc5 10. Be3 Ne7 11. O-O-O O-O 12. g4 Nd7 13. Bg2 Rad8 14. g5
g6 15. h4 Ne5 16. h5 Ng4 17. Bg1 gxh5 18. Rxh5 Ng6 19. c3 Bxd4 20. cxd4 Nf4 21.
Bf3 Nxh5 22. Bxg4 Nf4 23. e5 Ng6 24. b4 Kg7 25. a4 a6 26. a5 Nf4 27. Kc2 Nd5 28.
Kb3 b5 29. axb6 Nxb6 30. Rc1 Rc8 31. Bf3 Nd5 32. Rc5 Nf4 33. Bxc6 Nd3 34. Rc3
Nf4 35. Be3 Ng6 36. Ka4 Rfd8 37. Ka5 Ne7 38. b5 axb5 39. Kxb5 Nd5 40. Rd3 Ne7
41. Bb7 Rb8 42. Ka6 Rd7 43. Rb3 Nd5 44. Bf2 Nf4 45. Rb5 Nd3 46. Be3 Rc7 47. d5
Nxe5 48. Bd4 f6 49. gxf6+ Kxf6 50. d6 Ke6 51. dxc7 Re8 52. c8=Q+ Rxc8 53. Bxc8+
{Black resigns} 1-0

[Event "Team 45 45 League T59"]
[Site "Internet Chess Club"]
[Date "2013.11.30"]
[Round "2"]
[White "zugknightly"]
[Black "xt"]
[Result "1-0"]
[WhiteElo "1905"]
[BlackElo "1650"]
[Opening "English: ultra-symmetrical variation"]
[ECO "A36"]
[Time "12:06:38"]
[TimeControl "2700+45"]

1. c4 c5 2. g3 g6 3. Bg2 Bg7 4. Nc3 Nc6 5. a3 a6 6. Rb1 Rb8 7. b4 cxb4 8. axb4
b5 9. cxb5 axb5 10. Nf3 Nf6 11. O-O O-O 12. d4 d5 13. Ne5 Nxe5 14. dxe5 Ne4 15.
Nxd5 e6 16. Bxe4 exd5 17. Qxd5 Qxd5 18. Bxd5 Bxe5 19. e4 Bh3 20. Re1 Rbc8 21.
Be3 Rc2 22. Rec1 Rfc8 23. Rxc2 Rxc2 24. Bb3 Rc3 25. Bd1 Rc4 26. Be2 Rxe4 27.
Bxb5 Bc3 28. Bc5 Kg7 29. Bd3 Re8 30. b5 Re1+ 31. Rxe1 Bxe1 32. b6 Bc8 33. Be4
{Black resigns} 1-0

[Event "Team 45 45 League T59"]
[Site "Internet Chess Club"]
[Date "2013.11.28"]
[Round "2"]
[White "rookmaster23"]
[Black "Signalman"]
[Result "1/2-1/2"]
[WhiteElo "1651"]
[BlackElo "1647"]
[Opening "French: Paulsen variation"]
[ECO "C10"]
[Time "08:48:42"]
[TimeControl "2700+45"]

1. e4 e6 2. d4 d5 3. Nc3 Be7 4. e5 c5 5. f4 Bd7 6. Nf3 Nc6 7. Be3 Qb6 8. Rb1 h5
9. Na4 Qa5+ 10. c3 cxd4 11. Nxd4 Nxd4 12. Bxd4 Bxa4 13. b3 Bc6 14. Rb2 g6 15. b4
Qc7 16. b5 Bd7 17. Qb1 b6 18. a4 Bc5 19. Bd3 Bxd4 20. cxd4 Qc3+ 21. Ke2 Nh6 22.
Rc1 Qa3 23. Rc7 Qe7 24. Rbc2 Qd8 25. Qc1 Nf5 26. Bxf5 gxf5 27. Rb7 Rc8 28. Rxa7
Rxc2+ 29. Qxc2 Rg8 30. Kf3 Qb8 31. Qc7 Qxc7 32. Rxc7 Ke7 33. Rb7 Ra8 34. Rxb6
Rxa4 35. Rb7 Ra3+ 36. Ke2 Rb3 37. b6 Kf8 38. Rxd7 Rxb6 39. Ke3 Rb2 40. Kf3 Rb3+
41. Ke2 Rb2+ 42. Kf3 Rb3+ {Game drawn by mutual agreement} 1/2-1/2

[Event "Team 45 45 League T59"]
[Site "Internet Chess Club"]
[Date "2013.11.30"]
[Round "2"]
[White "rayonline53"]
[Black "mongmong"]
[Result "1/2-1/2"]
[WhiteElo "1603"]
[BlackElo "1647"]
[Opening "French: advance, Milner-Barry gambit"]
[ECO "C02"]
[Time "19:00:49"]
[TimeControl "2700+45"]

1. d4 e6 2. e4 d5 3. e5 c5 4. c3 Nc6 5. Nf3 Qb6 6. Bd3 cxd4 7. cxd4 Bd7 8. O-O
Nxd4 9. Nxd4 Qxd4 10. Nc3 a6 11. a3 Ne7 12. Qf3 Ng6 13. Bxg6 hxg6 14. Bf4 Be7
15. Rfd1 Qb6 16. b4 Qd8 17. Rac1 Bg5 18. h3 Bxf4 19. Qxf4 Rh4 20. Qd2 Rc4 21.
Ne2 Rac8 22. Rxc4 Rxc4 23. Rc1 Qc7 24. Rxc4 Qxc4 25. Nd4 Qc7 26. Qe3 Qd8 27. Nf3
Qe7 28. Qa7 Bc6 29. Nd4 Qd7 30. Qb6 Qd8 31. Qc5 Qc8 32. Qb6 Kf8 33. Qc5+ Kg8 34.
a4 Bd7 35. Qxc8+ Bxc8 36. b5 axb5 37. axb5 Bd7 38. f4 Kf8 39. Kf2 Ke7 40. Ke3
Kd8 41. b6 Ke7 42. g4 Ba4 43. g5 Bd1 44. Kd3 f6 45. h4 Ba4 46. Kc3 Be8 47. Kb4
Kd7 48. Kc5 Ke7 49. Kb4 Bd7 50. Kc5 Ba4 51. Kb4 Bd1 52. Kc5 Bg4 53. Kb4 Bh3 54.
Kc5 Bf1 55. Kb4 Ba6 56. Kc5 Bf1 57. Kb4 Ba6 58. Kc5 Bf1 {Game drawn by
repetition} 1/2-1/2

[Event "Team 45 45 League T59"]
[Site "Internet Chess Club"]
[Date "2013.11.30"]
[Round "2"]
[White "oldsj"]
[Black "ElMarginal"]
[Result "1/2-1/2"]
[WhiteElo "1579"]
[BlackElo "1500"]
[Opening "Petrov: Nimzovich attack"]
[ECO "C42"]
[Time "17:01:40"]
[TimeControl "2700+45"]

1. e4 e5 2. Nf3 Nf6 3. Nxe5 d6 4. Nf3 Nxe4 5. Nc3 Nf6 6. Be2 Be7 7. O-O Nc6 8.
d4 d5 9. h3 a6 10. Be3 Bf5 11. Re1 O-O 12. Bf1 Bb4 13. a3 Bxc3 14. bxc3 Ne4 15.
c4 dxc4 16. Bxc4 b5 17. Ba2 Nc3 18. Qc1 Nxa2 19. Rxa2 Be6 20. Rb2 Bd5 21. Ne5
Na5 22. Bd2 Nc4 23. Nxc4 Bxc4 24. c3 c6 25. Bf4 Qf6 26. Qe3 Qg6 27. Qg3 Qxg3 28.
Bxg3 Rfe8 29. Re3 Re6 30. Rxe6 Bxe6 31. Re2 Re8 32. Bd6 f6 33. f3 Kf7 34. Kf2 g6
35. h4 h5 36. g3 Rd8 37. Bc5 Re8 38. f4 Bg4 39. Rxe8 Kxe8 40. Ke3 Bf5 41. Bd6
Kd7 42. Bc5 Ke6 43. Bb6 Bc2 44. Bc5 Kf5 45. Be7 Ke6 46. Bc5 Kd5 47. Kd2 Bb1 48.
Be7 f5 49. Bb4 Ke4 50. Ke2 Ba2 51. Kf2 Kd3 52. Kf3 Bd5+ 53. Kf2 Be4 54. Ba5 Bd5
55. Bb4 Be4 56. Ba5 Kc2 57. Ke3 Kd1 58. Kf2 Kc2 59. Bb4 Kd3 60. Ba5 Kc4 61. Ke3
{Game drawn by mutual agreement} 1/2-1/2

[Event "Team 45 45 League T59"]
[Site "Internet Chess Club"]
[Date "2013.12.01"]
[Round "2"]
[White "room-matt"]
[Black "Grenadier"]
[Result "1-0"]
[WhiteElo "1826"]
[BlackElo "1706"]
[Opening "Richter-Veresov attack"]
[ECO "D01"]
[Time "09:10:10"]
[TimeControl "2700+45"]

1. d4 Nf6 2. Nc3 d5 3. Bg5 Bf5 4. e3 e6 5. Bd3 Bg6 6. Nf3 Be7 7. O-O Nbd7 8. Ne2
c5 9. Nf4 Bxd3 10. Nxd3 c4 11. Nde5 Nxe5 12. Nxe5 Nd7 13. Bxe7 Qxe7 14. Nxd7
Qxd7 15. c3 O-O 16. h4 Qe7 17. h5 f5 18. f4 b5 19. Qf3 b4 20. cxb4 Qxb4 21. Rf2
Rac8 22. Rc2 a5 23. Rac1 a4 24. Qe2 Rf7 25. a3 Qb5 26. g4 Qe8 27. g5 Rb7 28. Kf2
Rcb8 29. Kg2 Rb3 30. Rd1 Qb5 31. Rdd2 Qa5 32. Qf2 c3 33. Rxc3 Rxc3 34. bxc3 Qxc3
35. Ra2 Rb3 36. Rc2 Qa5 37. Rc5 Qb6 38. g6 hxg6 39. hxg6 Qd8 40. Qh4 Rb2+ 41.
Kf3 Rb8 42. Qh7+ Kf8 43. Qh8+ Ke7 44. Qxg7+ Kd6 45. Qe5+ Kd7 46. g7 Rb7 47. Rc6
Kxc6 48. Qxe6+ Kb5 49. g8=Q Qh4 50. Qxd5+ Ka6 51. Qa8+ Kb6 52. Qc5# {Black
checkmated} 1-0

[Event "Team 45 45 League T59"]
[Site "Internet Chess Club"]
[Date "2013.12.02"]
[Round "2"]
[White "GoIrish"]
[Black "BenjaminSisko"]
[Result "0-1"]
[WhiteElo "1644"]
[BlackElo "1595"]
[Opening "Réti opening"]
[ECO "A04"]
[Time "20:36:24"]
[TimeControl "2700+45"]

1. Nf3 c5 2. g3 g6 3. Bg2 Bg7 4. O-O Nc6 5. d3 Nf6 6. e4 d6 7. Nbd2 O-O 8. Re1
Ne8 9. Rb1 a5 10. a3 e5 11. Nf1 b5 12. Ne3 Nc7 13. c4 Rb8 14. Nd5 bxc4 15. dxc4
Nxd5 16. cxd5 Nd4 17. Nd2 f5 18. f4 Ba6 19. Nf3 exf4 20. Bxf4 Nxf3+ 21. Bxf3
fxe4 22. Rxe4 Bxb2 23. Re6 Bd4+ 24. Kg2 Rxb1 25. Qxb1 Rf6 26. Rxf6 Bxf6 27. Qe1
Bc8 28. Bd2 a4 29. Qe4 Qd7 30. g4 Bd4 31. h3 Kf7 32. Bd1 Bb7 33. Bh6 Qe7 34.
Qf3+ Qf6 35. Qxf6+ Bxf6 36. Bf3 Bb2 37. Bf4 Ke7 38. Bg5+ Kd7 39. Bf4 Bxa3 40. g5
Bb2 41. Bd1 a3 42. Bb3 Ba6 43. Kf2 c4 44. Ba2 c3 45. Ke1 Bd3 46. Kf2 Bf5 47. h4
c2 48. Ke2 c1=Q 49. Bxc1 Bxc1 50. Kf3 Kc7 51. Bc4 Kb6 52. Ke2 Kc5 53. Ba2 Kb4
54. Kd1 Bf4 55. Ke2 Kc3 56. h5 Bxg5 57. hxg6 Bxg6 58. Kd1 Bd3 59. Ke1 Kb2 {White
resigns} 0-1